 Dungeon Crawl Stone Soup version 0.17-a0-1899-ge84b1df (webtiles) character file.

137 DecibelRebel the Ruffian (level 5, -1/40 HPs)
             Began as a Draconian Transmuter on Sept 24, 2015.
             Slain by an orc wizard
             ... wielding a +2 dagger of protection
              (3 damage)
             ... on level 3 of the Dungeon.
             The game lasted 00:10:03 (2269 turns).

DecibelRebel the Ruffian (Draconian Transmuter)     Turns: 2269, Time: 00:10:03

Health: -1/40      AC:  2    Str: 13    XL:     5   Next: 0%
Magic:  1/8        EV: 19    Int: 13    God:
Gold:   81         SH:  0    Dex: 17    Spells: 2 memorised, 4 levels left

rFire  . . .     SeeInvis .       - Unarmed
rCold  . . .     Clarity  .     (armour unavailable)
rNeg   . . .     SustAt   .     (shield currently unavailable)
rPois  .         Gourm    .     (helmet currently unavailable)
rElec  .         Spirit   .     (cloak currently unavailable)
rCorr  .         Warding  .     (gloves currently unavailable)
rMut   .         Stasis   .     (boots currently unavailable)
MR     .....                    (no amulet)
Stlth  ++........               e - ring of poison resistance
                                d - ring of stealth

@: confused, spider-form (expiring), very slightly contaminated, not resistant
to hostile enchantments, unstealthy
A: unfitting armour, (cold-blooded), AC +5
a: End Transformation


You were on level 3 of the Dungeon.
You were not hungry.
You were a venomous arachnid creature.
You visited 1 branch of the dungeon, and saw 3 of its levels.

You collected 81 gold pieces.

Inventory:

Missiles
 a - 32 arrows
Jewellery
 d - a ring of stealth (left front leg)
 e - a ring of poison resistance (right front leg)
 n - a cursed ring of loudness {unknown}
Books
 b - a book of Changes

   Spells                             Type                      Level
   a - Beastly Appendage              Transmutation                1
   b - Sticks to Snakes               Transmutation                2
   c - Spider Form                    Transmutation/Poison         3
   d - Ice Form                       Ice/Transmutation            4
   e - Blade Hands                    Transmutation                5
Comestibles
 c - a bread ration
 f - 2 beef jerkies
 g - 2 meat rations


   Skills:
 - Level 1.1 Fighting
 - Level 2.0 Dodging
 * Level 5.6 Unarmed Combat
 - Level 2.0 Spellcasting
 - Level 2.0 Transmutations


You had 4 spell levels left.
You knew the following spells:

 Your Spells              Type           Power        Failure   Level  Hunger
a - Beastly Appendage     Trmt           #.....       28%         1    ##.....
b - Spider Form           Trmt/Pois      #.........   73%         3    ####...


Dungeon Overview and Level Annotations

Branches:
Dungeon (3/15)

Altars:
Ashenzari
Dithmenos


Innate Abilities, Weirdness & Mutations

((Your plain brown scales are hard (AC +5).))
Your body does not fit into most forms of armour.
((You are cold-blooded and may be slowed by cold attacks.))


Message History

Casting: Spider Form
Confirm with . or Enter, or press ? or * to list all spells.
You turn into a venomous arachnid creature.
Something hits you.
* * * LOW HITPOINT WARNING * * *
You hit something but do no damage.
The orc wizard gestures wildly while chanting.
The orc wizard blinks!
Something hits you.
* * * LOW HITPOINT WARNING * * *
You hit something but do no damage. Something hits you.
* * * LOW HITPOINT WARNING * * *
You closely miss something.
Your transformation is almost over.
You barely miss something.
You hear some strange, mumbled words.
You are confused.
You bump into the rock wall.
Something barely misses you.
A hobgoblin comes into view.
You bump into the rock wall.
Something hits you.
You die...

,,**,,,,,,*
*,.........##.#.#
,,**,,,,,,*
*,.........##.#.#
,,**,,,,,,***
*,....>.......#..
,,**,,,,,,,,*
*,........<.###.#
,,**,,,,,,,,*
*,...............
,,***+*+*,,,*
**########..#####
,,,,*,*,*,,,*
#........#
,,,,,,*,*..g#########
#.#..#.#.#
,,,,***,*.......s{ro#
#.#.##.#.# ,*,**
*,*.#########o#
#.#....#.# ,,,*
*,*,,,,* #.#
#.######.# ****
*,****,*
###r####.#......# ,,,*
*,*,,,,*
#.§o.....#.###### **,*
*,*,**** #.##.#####.#
#... **,*
*,*,*######..#.# #.#
#.##
,,,****,,,*#{.o....#.#
#.###.#
,,,,,,,,***#'#######.#
#.....##


You could see an orc wizard, an orc, a hobgoblin and a rat (inner flame).

Vanquished Creatures
  An iguana (D:3)
  6 adders
  2 worms (D:2)
  2 giant geckos
  An orc (D:3)
  2 ball pythons
  8 bats
  5 hobgoblins
  A quokka (D:2)
  3 giant cockroaches (D:1)
  2 giant newts
  7 goblins
  5 kobolds
  5 rats
50 creatures vanquished.

Notes
Turn   | Place    | Note
--------------------------------------------------------------
     0 | D:1      | DecibelRebel the Draconian Transmuter began the quest for the Orb.
     0 | D:1      | Reached XP level 1. HP: 16/16 MP: 3/3
   276 | D:1      | Reached XP level 2. HP: 14/23 MP: 5/5
   304 | D:1      | Found a shattered altar of Ashenzari.
   825 | D:1      | Reached skill level 4 in Unarmed Combat
   925 | D:2      | Reached XP level 3. HP: 23/28 MP: 6/6
   952 | D:2      | Learned a level 3 spell: Spider Form
  1436 | D:2      | Reached XP level 4. HP: 35/35 MP: 7/7
  1496 | D:2      | Found a shadowy altar of Dithmenos.
  1620 | D:2      | Reached skill level 5 in Unarmed Combat
  2243 | D:3      | Reached XP level 5. HP: 32/40 MP: 1/8
  2265 | D:3      | HP: 2/40 [something (3)]
  2269 | D:3      | Slain by an orc wizard

Vault maps used:
D:1:      erik_arrival_triangle_small, evilmike_ruin_ashenzari
D:2:      nicolae_dithmenos_through_a_glass_darkly
D:3:      uniq_iyjb

Action                   |  1- 3 |  4- 6 || total
-------------------------+-------+-------++-------
Melee: Unarmed           |   155 |    77 ||   232
 Cast: Beastly Appendage |     1 |       ||     1
       Spider Form       |       |     2 ||     2
  Use: Scroll            |     2 |     3 ||     5
       Potion            |       |     4 ||     4
 Stab: Sleeping          |     4 |     2 ||     6
  Eat: Chunk             |     1 |     4 ||     5
